 Dungeon Crawl Stone Soup version 0.24-a0-779-g36f0aeb843 (webtiles) character file.

Game seed: 13484897220055648479, levelgen mode: deterministic

380 Kohma the Charmwright (level 6, -5/76 HPs)
             Began as a Gnoll Skald on Oct 8, 2019.
             Killed by divine providence
             ... invoked by an orc priest
              (10 damage)
             ... on level 4 of the Dungeon.
             The game lasted 00:06:39 (2749 turns).

Kohma the Charmwright (Gnoll Skald)                 Turns: 2749, Time: 00:06:39

Health: -5/76      AC:  8    Str: 20    XL:     6   Next: 75%
Magic:  9/14       EV: 14    Int: 15    God:
Gold:   220        SH:  0    Dex: 15    Spells: 4/15 levels left

rFire    . . .     SeeInvis .   s - +2 spear (flame)
rCold    . . .     Gourm    .   (no shield)
rNeg     . . .     Faith    .   y - +0 ring mail (curse)
rPois    .         Spirit   .   (no helmet)
rElec    .         Reflect  .   (no cloak)
rCorr    .         Harm     .   l - +0 pair of gloves
MR       .....                  f - +0 pair of boots
Stlth    ..........             (no amulet)
HPRegen  0.22/turn              (no ring)
MPRegen  0.14/turn              (no ring)

@: confused, berserking, shrouded, singing, very quick
A: distributed training, fangs 1, strong nose
a: no special abilities


You were on level 4 of the Dungeon.
You were hungry.

You visited 1 branch of the dungeon, and saw 4 of its levels.

You collected 220 gold pieces.

Inventory:

Hand Weapons
 s - a +2 spear of flaming (weapon)
Missiles
 h - 14 sling bullets
 i - 3 boomerangs (quivered)
 k - 100 stones
 m - 95 bolts
 o - 18 poisoned darts
 q - 22 arrows
Armour
 f - a +0 pair of boots (worn)
 l - a +0 pair of gloves (worn)
 y - a cursed +0 ring mail (worn)
 z - a +2 scale mail of poison resistance
Jewellery
 p - a cursed ring of teleportation {unknown}
Scrolls
 b - a scroll of fog {unknown}
 e - 4 scrolls of identify {unknown}
 g - 4 scrolls of remove curse {unknown}
 v - a scroll of teleportation {unknown}
 w - a scroll of amnesia {unknown}
 x - a scroll of noise {unknown}
Potions
 a - a potion of berserk rage
 c - 2 potions of degeneration {unknown}
 j - a potion of agility {unknown}
 r - a potion of curing {unknown}
 t - a potion of heal wounds {unknown}
 u - a potion of brilliance {unknown}
 A - a potion of flight {unknown}
Comestibles
 d - 8 rations
 n - a chunk of flesh


   Skills:
 + Level 5.0 Fighting
 + Level 2.0 Short Blades
 + Level 2.0 Long Blades
 + Level 2.0 Axes
 + Level 2.0 Maces & Flails
 + Level 5.0 Polearms
 + Level 2.0 Staves
 + Level 2.0 Slings
 + Level 2.0 Bows
 + Level 2.0 Crossbows
 + Level 2.0 Throwing
 + Level 3.3 Armour
 + Level 5.0 Dodging
 + Level 2.0 Stealth
 + Level 2.0 Shields
 + Level 2.0 Unarmed Combat
 + Level 5.4 Spellcasting
 + Level 1.6 Conjurations
 + Level 1.6 Hexes
 + Level 5.7 Charms
 + Level 1.6 Summonings
 + Level 1.6 Necromancy
 + Level 1.6 Translocations
 + Level 1.6 Transmutations
 + Level 1.6 Fire Magic
 + Level 1.6 Ice Magic
 + Level 1.6 Air Magic
 + Level 1.6 Earth Magic
 + Level 1.6 Poison Magic
 + Level 2.2 Invocations
 + Level 2.0 Evocations


You had 4 spell levels left.
You knew the following spells:

 Your Spells              Type           Power        Failure   Level  Hunger
a - Infusion              Chrm           ###.         2%          1    None
b - Song of Slaying       Chrm           ###.....     3%          2    #......
c - Shroud of Golubria    Chrm/Tloc      ###...       9%          2    #......
d - Regeneration          Chrm/Necr      ###.......   17%         3    ###....
e - Spectral Weapon       Hex/Chrm       ###.....     17%         3    ###....

Your spell library contained the following spells:

 Spells                   Type           Power        Failure   Level  Hunger


Dungeon Overview and Level Annotations

Branches:
Dungeon (4/15)
 Temple: D:4-7

Altars:
Vehumet


Innate Abilities, Weirdness & Mutations

Your experience applies equally to all skills.
You have very sharp teeth.
Your uncanny sense of smell can sniff out nearby items.


Message History

You puncture the gnoll! You burn the gnoll.
The gnoll is almost dead.
Something barely misses you.
You impale the gnoll!! You burn the gnoll.
You kill the gnoll!
The gnoll barely misses you. The worker ant closely misses you.
You hear some strange, mumbled words.
You are confused.
You hit the orc. You burn the orc.
You kill the orc!
You're too confused to move!
The worker ant bites you but does no damage.
The gnoll closely misses you. Something hits you but does no damage.
You miss the worker ant.
The worker ant is lightly wounded.
The worker ant bites you but does no damage.
The gnoll closely misses you.
The orc priest mumbles some strange prayers to Beogh against you.
Beogh smites you!
You die...

...... ...#
.##.... .#..###
.......##.......
......o.##...#
........#....#
.....#.o.....#
... ##..o..## l
#.......###
##.......#@##
#......og.ga#
#...###....o..#
..#. #........#
...#..........##
.. #.....#.....#
###........##
#.......##
##....###


You could see a worker ant, an orc priest, 2 gnolls and an orc.

Vanquished Creatures
  Sigmund (D:3)
  An orc priest (D:4)
  A worker ant (D:4)
  4 gnolls
  6 adders
  2 worms
  2 dart slugs
  4 leopard geckos
  4 orcs
  2 giant cockroaches
  7 hobgoblins
  8 jackals
  3 quokkas
  4 bats
  5 frilled lizards
  4 goblins
  4 kobolds
  A quokka skeleton (D:4)
  7 rats
70 creatures vanquished.

Vanquished Creatures (others)
  A spectral weapon (D:4)
1 creature vanquished.

Grand Total: 71 creatures vanquished

Notes
Turn   | Place    | Note
-------+----------+-------------------------------------------
     0 | D:1      | Kohma the Gnoll Skald began the quest for the Orb.
     0 | D:1      | Reached XP level 1. HP: 20/20 MP: 6/6
   237 | D:1      | Reached XP level 2. HP: 26/26 MP: 7/7
   241 | D:1      | Learned a level 2 spell: Song of Slaying
   244 | D:1      | Learned a level 2 spell: Shroud of Golubria
  1034 | D:2      | Reached XP level 3. HP: 31/31 MP: 9/9
  1083 | D:2      | Reached skill level 5 in Spellcasting
  1231 | D:2      | Reached skill level 1 in Invocations
  1680 | D:3      | Reached skill level 1 in Short Blades
  1680 | D:3      | Reached skill level 1 in Long Blades
  1680 | D:3      | Reached skill level 1 in Axes
  1680 | D:3      | Reached skill level 1 in Maces & Flails
  1680 | D:3      | Reached skill level 1 in Staves
  1680 | D:3      | Reached skill level 1 in Slings
  1680 | D:3      | Reached skill level 1 in Bows
  1680 | D:3      | Reached skill level 1 in Crossbows
  1680 | D:3      | Reached skill level 1 in Throwing
  1680 | D:3      | Reached skill level 1 in Stealth
  1680 | D:3      | Reached skill level 1 in Shields
  1680 | D:3      | Reached skill level 1 in Unarmed Combat
  1680 | D:3      | Reached skill level 1 in Evocations
  1680 | D:3      | Reached XP level 4. HP: 38/38 MP: 11/11
  1900 | D:3      | Reached skill level 1 in Conjurations
  1900 | D:3      | Reached skill level 1 in Hexes
  1900 | D:3      | Reached skill level 1 in Summonings
  1900 | D:3      | Reached skill level 1 in Necromancy
  1900 | D:3      | Reached skill level 1 in Translocations
  1900 | D:3      | Reached skill level 1 in Transmutations
  1900 | D:3      | Reached skill level 1 in Fire Magic
  1900 | D:3      | Reached skill level 1 in Ice Magic
  1900 | D:3      | Reached skill level 1 in Air Magic
  1900 | D:3      | Reached skill level 1 in Earth Magic
  1900 | D:3      | Reached skill level 1 in Poison Magic
  1911 | D:3      | Learned a level 3 spell: Regeneration
  1915 | D:3      | Learned a level 3 spell: Spectral Weapon
  2017 | D:3      | Noticed Sigmund
  2042 | D:3      | Killed Sigmund
  2042 | D:3      | Reached XP level 5. HP: 23/43 MP: 5/12
  2042 | D:3      | Reached XP level 6. HP: 27/50 MP: 5/13
  2585 | D:4      | Found a radiant altar of Vehumet.
  2613 | D:4      | Reached skill level 5 in Fighting
  2613 | D:4      | Reached skill level 5 in Polearms
  2613 | D:4      | Reached skill level 5 in Dodging
  2749 | D:4      | Killed from afar by an orc priest

Levels and vault maps discovered:
D:1:      onia_arrival_larder, layout_loops_ring
D:2:      layout_loops_corners, hex_large
D:3:      layout_basic, hex_tiny, dk_vineyard_1, uniq_sigmund
D:4:      layout_cave_pools, fiery_altar_vehumet, first_ration

Skill      XL: |  1  2  3  4  5  6 |
---------------+-------------------+-----
Spellcasting   | 5 |  5.4
Invocations    | 1 2 |  2.2
Short Blades   | 1 2 |  2.0
Long Blades    | 1 2 |  2.0
Axes           | 1 2 |  2.0
Maces & Flails | 1 2 |  2.0
Staves         | 1 2 |  2.0
Slings         | 1 2 |  2.0
Bows           | 1 2 |  2.0
Crossbows      | 1 2 |  2.0
Throwing       | 1 2 |  2.0
Stealth        | 1 2 |  2.0
Shields        | 1 2 |  2.0
Unarmed Combat | 1 2 |  2.0
Evocations     | 1 2 |  2.0
Conjurations   | 1 |  1.6
Hexes          | 1 |  1.6
Summonings     | 1 |  1.6
Necromancy     | 1 |  1.6
Translocations | 1 |  1.6
Transmutations | 1 |  1.6
Fire Magic     | 1 |  1.6
Ice Magic      | 1 |  1.6
Air Magic      | 1 |  1.6
Earth Magic    | 1 |  1.6
Poison Magic   | 1 |  1.6
Armour         | 3 |  3.3
Fighting       | 5 |  5.0
Polearms       | 5 |  5.0
Dodging        | 5 |  5.0
Charms         | |  5.7

Action                   |  1- 3 |  4- 6 || total
-------------------------+-------+-------++-------
Melee: Spear             |   107 |   127 ||   234
       Bite              |     8 |     8 ||    16
       Punch             |     1 |       ||     1
Throw: Boomerang         |    12 |       ||    12
 Cast: Song of Slaying   |     1 |     6 ||     7
       Shroud of Golubri |     1 |     5 ||     6
       Spectral Weapon   |       |     4 ||     4
  Use: Potion            |       |     1 ||     1
 Stab: Sleeping          |     1 |     2 ||     3
  Eat: Chunk             |     2 |     4 ||     6
Armor: Ring mail         |    16 |    49 ||    65
Dodge: Dodged            |    43 |   113 ||   156

Table legend:
 A = Non-vault XP
 B = Vault XP
 C = Vault XP percentage of total XP
 D = Non-vault monster count
 E = Vault monster count
 F = Vault count percentage of total count
                 A         B        C        D         E       F
            +---------+---------+-------+---------+---------+-------
      Total |     317 |     226 |  41.6 |      64 |       6 |   8.6
            +---------+---------+-------+---------+---------+-------
        D:1 |      26 |       6 |  18.8 |      15 |       5 |  25.0
        D:2 |      38 |       0 |   0.0 |      13 |       0 |   0.0
        D:3 |     120 |     220 |  64.7 |      24 |       1 |   4.0
        D:4 |     133 |       0 |   0.0 |      12 |       0 |   0.0
            +---------+---------+-------+---------+---------+-------
